 Dungeon Crawl Stone Soup version 0.27-a0-1180-g7fc4abc71e (webtiles) character file.

Game seed: 11987579664203724747

129 Devinter the Slasher (level 4, -2/35 HPs)
             Began as a Demonspawn Gladiator on May 17, 2021.
             Slain by a phantom (4 damage)
             ... on level 4 of the Dungeon.
             The game lasted 00:15:55 (3405 turns).

Devinter the Slasher (Demonspawn Gladiator)         Turns: 3405, Time: 00:15:55

Health: -2/35      AC:  3    Str: 15    XL:     4   Next: 88%
Magic:  4/4        EV: 12    Int: 10    God:
Gold:   160        SH:  0    Dex: 14    Spells: 3/4 levels left

rFire    . . .     SeeInvis .   a - +0 long sword
rCold    . . .     Faith    .   (no shield)
rNeg     . . .     Spirit   .   b - +0 leather armour
rPois    .         Reflect  .   (helmet restricted)
rElec    .         Harm     .   (no cloak)
rCorr    .         Rampage  .   (no gloves)
Will     .....                  (no boots)
Stlth    +.........             (no amulet)
HPRegen  0.11/turn              (no ring)
MPRegen  0.18/turn              (no ring)

@: no status effects
A: antennae 1, claws 1, magic regeneration
a: no special abilities


You were on level 4 of the Dungeon.
You visited 1 branch of the dungeon, and saw 4 of its levels.

You collected 160 gold pieces.

Inventory:

Hand Weapons
 a - a +0 long sword (weapon)
Missiles
 c - 7 curare-tipped darts
 d - 3 throwing nets (quivered)
 f - 45 arrows
 k - 29 bolts
 p - 34 poisoned darts
 s - 4 boomerangs
Armour
 b - a +0 leather armour (worn)
Scrolls
 e - a scroll of fear {unknown}
 g - 2 scrolls of identify {unknown}
 l - a scroll of immolation {unknown}
 m - 2 scrolls of magic mapping {unknown}
 n - a scroll of blinking {unknown}
 o - a scroll of brand weapon {unknown}
 q - 2 scrolls of teleportation {unknown}
 r - a scroll of silence {unknown}
 t - a scroll of amnesia {unknown}
Potions
 h - a potion of heal wounds {unknown}
 i - a potion of cancellation {unknown}
 j - 2 potions of curing {unknown}


   Skills:
 + Level 3.1 Fighting
 * Level 4.1 Long Blades
 - Level 2.0 Throwing
 - Level 3.0 Dodging
 + Level 0.5 Spellcasting
 + Level 0.4 Ice Magic


You had 3 spell levels left.
You knew the following spells:

 Your Spells              Type           Power      Damage    Failure   Level
a - Freeze                Ice            4%         1d3       36%         1

Your spell library contained the following spells:

 Spells                   Type           Power      Damage    Failure   Level
 Frozen Ramparts          Ice            2%         1d2       75%         3
 Ozocubu's Armour         Ice            1%         N/A       75%         3
 Hailstorm                Conj/Ice       0%         3d3       99%         4
 Metabolic Englaciation   Hex/Ice        0%         N/A       100%        5


Dungeon Overview and Level Annotations

Branches:
Dungeon (4/15)
 Temple: D:4-7

Altars:
Cheibriados
Dithmenos
Qazlal
Vehumet
Wu Jian
Xom
Yredelemnul

Shops:
D:1 (

Annotations:
D:4 Eustachio


Innate Abilities, Weirdness & Mutations

You have a pair of small antennae on your head.
You have sharp fingernails.
You regenerate magic rapidly.


Message History

You hit the phantom but do no damage.
The phantom is moderately damaged.
The phantom misses you.
You hit the phantom.
The phantom is moderately damaged.
The phantom hits you!
The phantom blinks!
You blink.
The phantom closely misses you.
You riposte.
You hit the phantom but do no damage.
The phantom is moderately damaged.
You hit the phantom.
The phantom is heavily damaged.
The phantom hits you.
You closely miss the phantom.
The phantom is heavily damaged.
The phantom hits you.
You hit the phantom.
The phantom is heavily damaged.
The phantom barely misses you.
You riposte.
You closely miss the phantom.
The phantom is heavily damaged.
You barely miss the phantom.
The phantom is heavily damaged.
The phantom hits you but does no damage.
You hit the phantom.
The phantom is severely damaged.
The phantom hits you!
* * * LOW HITPOINT WARNING * * *
The phantom barely misses you.
You hit the phantom.
The phantom is almost destroyed.
The phantom hits you.
* * * LOW HITPOINT WARNING * * *
You miss the phantom.
The phantom is almost destroyed.
The phantom hits you.
* * * LOW HITPOINT WARNING * * *
The phantom blinks!
You blink.
You barely miss the phantom.
The phantom is almost destroyed.
The phantom hits you.
You die...

.# ..##..#.###...###.#.
.# #..#..>.........#.#.
.# ###
##.##.............#. .#
.. .. ........#.###. ##
#.# #.###########.# #.
.. ..# #.....#.# #. #.#
##.## #.###.#.# #. #..
###W..# #.# #.#.# #.
#.####).@#.# #)# #.#.#
#. #..#...###.# #.#
#.#.# #. ##.ยง.###...#
#.# #.#.# #.
{#.###.W.#..##.###...#
#.
###...####.##.......###.
#...#.# ..#####.......
##.##... #.## #.#.####
#..#.....#..# #.#.#
##.##....##.####.#.#


You could see a phantom.

Vanquished Creatures
  An iguana (D:4)
  4 adders
  A worm (D:3)
  A dart slug (D:1)
  2 orcs
  2 endoplasms (D:2)
  2 giant cockroaches
  5 hobgoblins
  8 jackals
  2 kobolds
  A quokka (D:3)
  7 ball pythons
  6 bats
  7 frilled lizards
  4 goblins
  6 rats
59 creatures vanquished.

Notes
Turn   | Place    | Note
-------+----------+-------------------------------------------
     0 | D:1      | Devinter the Demonspawn Gladiator began the quest for the
                  | Orb.
     0 | D:1      | Reached XP level 1. HP: 16/16 MP: 1/1
   206 | D:1      | Gained mutation: You regenerate magic rapidly. [demonic
                  | ancestry]
   206 | D:1      | Reached XP level 2. HP: 21/22 MP: 2/2
   238 | D:1      | Found Aniysu's Weapon Emporium.
   382 | D:1      | Reached skill level 3 in Long Blades
   382 | D:1      | Reached skill level 2 in Throwing
   884 | D:2      | Reached skill level 3 in Dodging
  1038 | D:2      | Gained mutation: You have a pair of small antennae on your
                  | head. [demonic ancestry]
  1038 | D:2      | Reached XP level 3. HP: 27/28 MP: 3/3
  1201 | D:2      | Found a snail-covered altar of Cheibriados.
  1582 | D:2      | Found a faded altar of an unknown god.
  1977 | D:2      | Gained mutation: You have sharp fingernails. [demonic
                  | ancestry]
  1977 | D:2      | Reached XP level 4. HP: 34/34 MP: 4/4
  2323 | D:3      | Found a basalt altar of Yredelemnul.
  2327 | D:3      | Found an ornate altar of the Wu Jian Council.
  2394 | D:3      | Learned a level 1 spell: Freeze
  2424 | D:3      | Found a radiant altar of Vehumet.
  2425 | D:3      | Found a stormy altar of Qazlal.
  2425 | D:3      | Found a shimmering altar of Xom.
  2426 | D:3      | Found a shadowy altar of Dithmenos.
  2495 | D:4      | Noticed Eustachio
  2621 | D:4      | Reached skill level 3 in Fighting
  2621 | D:4      | Reached skill level 4 in Long Blades
  3366 | D:4      | Noticed a phantom
  3404 | D:4      | HP: 2/35 [phantom (4)]
  3405 | D:4      | Slain by a phantom

Illustrated notes

Levels and vault maps discovered:
D:1:      nzn_arrival_depleted_hourglass, layout_loops_ring, serial_shops,
          nicolae_shop_stone
D:2:      layout_loops_ring, shapermc_ecumenical_altar_venn, basic_altar
D:3:      layout_rooms, chequers_temple_overflow_statue_of_worship,
          grunt_temple_overflow_open
D:4:      minmay_skewed_foursquare, layout_basic, minmay_splitting_lines,
          kennysheep_dice, uniq_eustachio

Skill      XL: |  1  2  3  4 |
---------------+-------------+-----
Long Blades    | 3 4 |  4.1
Throwing       | 2 |  2.0
Dodging        | 3 |  3.0
Fighting       | 3 |  3.1
Spellcasting   | |  0.5
Ice Magic      | |  0.4

Action                   |  1- 3 |  4- 6 || total
-------------------------+-------+-------++-------
Melee: Long sword        |    92 |    83 ||   175
 Stab: Sleeping          |     2 |       ||     2
Armor: Leather armour    |    23 |    20 ||    43
Dodge: Dodged            |    67 |    56 ||   123
       Rpst.: Long sword |    17 |    20 ||    37

Table legend: (Time is in decaauts)
 A = Elapsed time spent in this place.
 B = Non-inter-level travel time spent in this place.
 C = Inter-level travel time spent in this place.
 D = Time resting spent in this place.
 E = Time spent auto-exploring this place.
 F = Levels seen in this place.
 G = Mean time per level.
                   A        B        C        D        E       F      G
               +--------+--------+--------+--------+--------+-----+--------+
         Total |   3444 |   3382 |     62 |   1035 |    357 |   4 |  861.0 |
       Dungeon |   3444 |   3382 |     62 |   1035 |    357 |   4 |  861.0 |
               +--------+--------+--------+--------+--------+-----+--------+

Top non-repeatable levels by time:
     D:2: 1264 daAuts
     D:4: 911 daAuts
     D:1: 864 daAuts
     D:3: 404 daAuts
